 Dungeon Crawl Stone Soup version 0.27.0-65-ge2af304b15 (webtiles) character file.

Game seed: 11109741715042254292

25 Malachi the Chiller (level 2, 0/19 HPs)
             Began as a Demonspawn Ice Elementalist on Aug 17, 2021.
             Slain by a jackal (1 damage)
             ... on level 1 of the Dungeon.
             The game lasted 00:01:24 (1497 turns).

Malachi the Chiller (Demonspawn Ice Elementalist)   Turns: 1497, Time: 00:01:25

Health: 0/19       AC:  2    Str:  8    XL:     2   Next: 82%
Magic:  1/5        EV: 12    Int: 16    God:
Gold:   7          SH:  0    Dex: 13    Spells: 4/5 levels left

rFire    . . .     SeeInvis .   (no weapon)
rCold    . . .     Faith    .   (no shield)
rNeg     . . .     Spirit   .   a - +0 robe
rPois    .         Reflect  .   (no helmet)
rElec    .         Harm     .   (no cloak)
rCorr    .         Rampage  .   (no gloves)
Will     .....                  (no boots)
Stlth    ++........             (no amulet)
HPRegen  0.06/turn              (no ring)
MPRegen  0.09/turn              (no ring)

@: no status effects
A: claws 1
a: no special abilities


You were on level 1 of the Dungeon.
You visited 1 branch of the dungeon, and saw 1 of its levels.

You collected 7 gold pieces.

Inventory:

Armour
 a - a +0 robe (worn)
Scrolls
 b - 2 scrolls of teleportation {unknown}
Potions
 c - a potion of brilliance {unknown}
 d - a potion of invisibility {unknown}
 e - a potion of degeneration {unknown}
 f - a potion of lignification {unknown}


   Skills:
 + Level 1.8 Dodging
 + Level 2.0 Stealth
 * Level 0.3 Unarmed Combat
 + Level 2.1 Spellcasting
 * Level 4.2 Ice Magic


You had 4 spell levels left.
You knew the following spells:

 Your Spells              Type           Power      Damage    Failure   Level
a - Freeze                Ice            60%        1d8       3%          1

Your spell library contained the following spells:

 Spells                   Type           Power      Damage    Failure   Level
 Frozen Ramparts          Ice            30%        1d5       11%         3
 Ozocubu's Armour         Ice            15%        N/A       11%         3
 Hailstorm                Conj/Ice       8%         3d4       65%         4


Dungeon Overview and Level Annotations

Branches:
Dungeon (1/15)

Altars:

Shops:
D:1 :


Innate Abilities, Weirdness & Mutations

You have sharp fingernails.


Message History

The jackal is heavily wounded.
The jackal barely misses you.
You scratch the jackal but do no damage.
The jackal is heavily wounded.
The jackal barely misses you. The jackal closely misses you.
You scratch the jackal.
The jackal is almost dead.
The jackal bites you.
You closely miss the jackal.
The jackal is almost dead.
The jackal bites you. The jackal barely misses you.
Your magical contamination has completely faded away.
You scratch the jackal but do no damage.
The jackal is almost dead.
The jackal bites you.
* * * LOW HITPOINT WARNING * * *
You completely miss the jackal.
The jackal is almost dead.
The jackal closely misses you.
You closely miss the jackal.
The jackal is almost dead.
The jackal misses you. The jackal closely misses you.
Casting: Freeze (safe; 3% risk of failure)
Confirm with . or Enter, or press ? or * to list all spells.
Aiming: Freeze (safe; 3% risk of failure)
Press: ? - help, Shift-Dir - straight line, f - jackal
Aim: a jackal (almost dead)
You freeze the jackal.
You kill the jackal!
The jackal bites you.
* * * LOW HITPOINT WARNING * * *
Casting: Freeze (safe; 3% risk of failure)
Confirm with . or Enter, or press ? or * to list all spells.
You don't have enough magic to cast this spell.
Unknown command.
Unknown command.
The jackal barely misses you. The jackal barely misses you.
The jackal bites you.
You die...

#.# ##....... #.#
##+##.#. #.# #.##...
###.##### #.# #.
#..h....# ##.## #.
#.#.###.# ##...###.
#.#l# #.# #.....##.
#.#h###.#####...###.
#.#@........##.####.
#.##.##............)
#.##.##.###.##.####.
#.##.##.# #.##.# #.
#.......###.##.# #.
####........##.# ##
###########.# #.#
#.#


You could see 2 jackals and a frilled lizard.

Vanquished Creatures
  5 endoplasms (D:1)
  A giant cockroach (D:1)
  4 hobgoblins (D:1)
  2 jackals (D:1)
  A ball python (D:1)
  A bat (D:1)
  A frilled lizard (D:1)
  4 kobolds (D:1)
  4 rats (D:1)
23 creatures vanquished.

Notes
Turn   | Place    | Note
-------+----------+-------------------------------------------
     0 | D:1      | Malachi the Demonspawn Ice Elementalist began the quest for
                  | the Orb.
     0 | D:1      | Reached XP level 1. HP: 13/13 MP: 3/3
   425 | D:1      | Gained mutation: You have sharp fingernails. [demonic
                  | ancestry]
   425 | D:1      | Reached XP level 2. HP: 19/19 MP: 3/5
   430 | D:1      | Reached skill level 4 in Ice Magic
   513 | D:1      | Found a faded altar of an unknown god.
  1402 | D:1      | Found Tupsompi's Book Shoppe.
  1497 | D:1      | Slain by a jackal

Illustrated notes

Levels and vault maps discovered:
D:1:      lightli_arrival_flooded_house, layout_loops_corners,
          shapermc_ecumenical_altar_notcrosses, serial_shops,
          nicolae_shop_statue_plus, nicolae_shop_waterfront, shop_fountains,
          hangedman_decor_riveting

Skill      XL: |  1  2 |
---------------+-------+-----
Ice Magic      | 4 |  4.2
Stealth        | 2 |  2.0
Dodging        | |  1.8
Unarmed Combat | |  0.3
Spellcasting   | |  2.1

Action                   || total
-------------------------++-------
Melee: Unarmed           ||    53
       Club              ||     6
 Cast: Freeze            ||    19
 Stab: Sleeping          ||     2
Armor: Robe              ||     8
Dodge: Dodged            ||    48
